 Seeded DCSS version 0.30.0-19-g36f170ea60 (webtiles) character file.

Game seed: 8994729474104937668 (custom seed)

132 CInkIbrahim the Chopper (level 5, -1/32 HPs)
             Began as a Gargoyle Cinder Acolyte on May 27, 2023.
             Was a High Priest of Ignis.
             Slain by an ogre
             ... wielding a +0 giant club
              (8 damage)
             ... on level 4 of the Dungeon.
             The game lasted 00:03:10 (2504 turns).

CInkIbrahim the Chopper (Gargoyle Cinder Acolyte)   Turns: 2504, Time: 00:03:11

Health: -1/32      AC: 19    Str: 19    XL:     5   Next: 15%
Magic:  6/6        EV: 10    Int: 13    God:    Ignis [*****.]
Gold:   133        SH:  0    Dex:  5    Spells: 6/6 levels left

rFire   + + .        a - -1 hand axe (flame)
rCold   . . .        (no shield)
rNeg    + . .        D - +0 ring mail
rPois   ∞            (no helmet)
rElec   +            v - +0 cloak
rCorr   .            (no gloves)
SInv    +            (no boots)
Will    .....        (no amulet) Stlth
                     j - ring of protection from fire
HPRegen 0.25/turn    x - ring of see invisible
MPRegen 0.10/turn

%: no passive effects
@: fiery-armoured
A: sickness immunity, AC +4, negative energy resistance 1, electricity
resistance, torment resistance 1, petrification resistance, iridescent scales 1,
dopey 1
a: Renounce Religion, Fiery Armour, Foxfire Swarm, Rising Flame


You were on level 4 of the Dungeon.
You worshipped Ignis.
Ignis was extremely pleased with you.
You visited 1 branch of the dungeon, and saw 4 of its levels.

You collected 133 gold pieces.

Inventory:

Hand Weapons
 a - a -1 hand axe of flaming (weapon)
 b - a +2 sling of flaming
Armour
 n - a +0 robe
 v - a +0 cloak (worn)
 D - a +0 ring mail (worn)
Jewellery
 j - a ring of protection from fire (left hand)
 x - a ring of see invisible (right hand)
 y - a ring of resist corrosion
Wands
 w - a wand of roots (7)
Scrolls
 d - 2 scrolls of vulnerability {unknown}
 f - 2 scrolls of torment {unknown}
 g - a scroll of blinking {unknown}
 h - a scroll of fear {unknown}
 i - 2 scrolls of immolation {unknown}
 k - 2 scrolls of magic mapping {unknown}
 m - 2 scrolls of silence
 r - 2 scrolls of teleportation {unknown}
 s - a scroll of enchant armour {unknown}
 u - a scroll of enchant weapon {unknown}
Potions
 c - a potion of berserk rage
 l - 2 potions of might {unknown}
 o - a potion of brilliance
 p - a potion of attraction {unknown}
 q - 2 potions of curing
 t - 2 potions of magic {unknown}
 z - a potion of heal wounds {unknown}
 B - a potion of cancellation
 C - a potion of resistance {unknown}


   Skills:
 - Level 3.2 Fighting
 + Level 5.2 Axes
 - Level 1.0 Spellcasting
 - Level 3.0 Fire Magic


You had 6 spell levels left.
You didn't know any spells.
Your spell library contained the following spells:

 Spells                   Type           Power      Damage    Failure   Level
 Scorch                   Fire           16%        2d5       22%         2
 Sandblast                Erth           0%         2d4       43%         1
 Summon Small Mammal      Summ           0%         N/A       43%         1
 Passwall                 Tmut/Erth      0%         N/A       58%         2
 Call Canine Familiar     Summ           0%         N/A       82%         3
 Summon Guardian Golem    Hex/Summ       0%         N/A       82%         3
 Borgnjor's Vile Clutch   Necr/Erth      0%         N/A       100%        5
 Iron Shot                Conj/Erth      0%         9d1       100%        6
 Statue Form              Tmut/Erth      Unusable   N/A       N/A         6

Dungeon Overview and Level Annotations

Branches:
Dungeon (4/15)
 Temple: D:4-7

Altars:


Innate Abilities, Weirdness & Mutations

You are immune to sickness and miasma.
Your stone body is resilient. (AC +4)
You are immune to poison.
You resist negative energy. (rN+)
You are resistant to electric shocks. (rElec)
You are resistant to unholy torment.
You are immune to petrification.
You are partially covered in iridescent scales. (AC +2)
You are dopey. (Int -2)


Message History

The ogre hits you with a +0 giant club!
The ogre is burned by your cloak of flames.
The ogre is lightly wounded.
An orc comes into view. It is wielding a +0 dagger.
You hit the ogre but do no damage.
The ogre is lightly wounded.
You hit the ogre but do no damage.
The ogre is lightly wounded.
The ogre barely misses you. The ball python closely misses you.
The ball python grabs you.
The ball python is burned by your cloak of flames.
You kill the ball python!
You hit the ogre. You burn the ogre.
The ogre is lightly wounded.
The ogre hits you but does no damage.
The ogre is burned by your cloak of flames.
The ogre is moderately wounded.
You hit the ogre. You burn the ogre.
The ogre is heavily wounded.
You hit the ogre. You burn the ogre.
The ogre is severely wounded.
The ogre closely misses you.
You hit the ogre but do no damage.
The ogre is severely wounded.
The ogre hits you with a +0 giant club!
Ouch! That really hurt!
* * * LOW HITPOINT WARNING * * *
The ogre is burned by your cloak of flames.
The ogre is severely wounded.
You are too injured to fight recklessly!
You are too injured to fight recklessly!
You hit the ogre. You burn the ogre.
The ogre is almost dead.
You hit the orc. You burn the orc. The orc hits you but does no damage.
The orc is burned by your cloak of flames.
You kill the orc!
You hit the ogre. You burn the ogre.
The ogre is almost dead.
The ogre hits you with a +0 giant club!
You die...

... ... .. .. ..
#.. .# ...
#..#.# .#.... #.
#..#.##.#....
#..#..#..?......
#...............
.........O..####
#<@)......
#....#..####
.....#.## ....
#........ ...#
##.##.#.# ..# #
#...# .# . ### #
#.


You could see an ogre.

Vanquished Creatures
  Terence (D:2)
  Jessica (D:3)
  An adder (D:3)
  A gnoll (D:1)
  A worm (D:3)
  3 dart slugs
  An orc (D:4)
  2 endoplasms (D:1)
  2 giant cockroaches (D:2)
  9 hobgoblins
  2 quokkas (D:3)
  6 ball pythons
  6 bats
  5 frilled lizards
  6 goblins
  2 kobolds (D:1)
  3 rats
52 creatures vanquished.

Notes
Turn   | Place    | Note
-------+----------+-------------------------------------------
     0 | D:1      | CInkIbrahim the Gargoyle Cinder Acolyte began the quest for
                  | the Orb.
     0 | D:1      | Reached XP level 1. HP: 14/14 MP: 2/2
    70 | D:1      | Reached skill level 3 in Axes
   146 | D:1      | Reached XP level 2. HP: 19/19 MP: 3/3
   295 | D:1      | Reached XP level 3. HP: 15/23 MP: 4/4
   765 | D:2      | Reached skill level 4 in Axes
  1210 | D:2      | Noticed Terence
  1224 | D:2      | Killed Terence
  1225 | D:2      | Reached XP level 4. HP: 11/28 MP: 5/5
  1767 | D:3      | Got the Tome of the Mantle
  1880 | D:3      | Noticed Jessica
  1894 | D:3      | Killed Jessica
  2057 | D:3      | Reached skill level 5 in Axes
  2095 | D:3      | Reached XP level 5. HP: 28/32 MP: 6/6
  2463 | D:3      | Gained mutation: You are dopey. (Int -2) [potion of
                  | mutation]
  2463 | D:3      | Gained mutation: You are partially covered in iridescent
                  | scales. (AC +2) [potion of mutation]
  2494 | D:4      | Noticed an ogre
  2504 | D:4      | Slain by an ogre

Illustrated notes

Levels and vault maps discovered:
D:1:      ncdulo_halloftheorcs, layout_rooms, minmay_tetromino_o4
D:2:      layout_loops_cross, uniq_terence
D:3:      layout_basic, serial_forest, infiniplex_forest_diagonal,
          infiniplex_forest_straight_2, infiniplex_forest_lined_1,
          infiniplex_forest_lined_corner, infiniplex_forest_clump_small,
          infiniplex_forest_zigzag_2, infiniplex_forest_clump_tiny, uniq_jessica
D:4:      layout_basic, grunt_temple_overflow_open, serial_shops, shop,
          minmay_misc_feat_nine_boxes, minivault_24,
          minmay_shop_enchanted_jewellery, uniq_blork_the_orc, uniq_sigmund

Skill      XL: |  1  2  3  4 |
---------------+-------------+-----
Axes           | 3 4 5 |  5.2
Fighting       | |  3.2
Spellcasting   | |  1.0
Fire Magic     | |  3.0

Action                     |  1- 3 |  4- 6 || total
---------------------------+-------+-------++-------
  Melee: Hand axe          |   103 |   108 ||   211
         Punch             |     1 |     2 ||     3
 Invoke: Fiery Armour      |       |     1 ||     1
    Use: Potion            |     1 |     1 ||     2
         Scroll            |       |     5 ||     5
 Armour: Robe              |    35 |    55 ||    90
         Ring mail         |       |     2 ||     2
  Dodge: Dodged            |    58 |    69 ||   127
